 Dungeon Crawl Stone Soup version 0.30.1-11-g7821555f0a (webtiles) character file.

Game seed: 7259558216188426642

385 MacCMillion the Chopper (level 6, 0/51 HPs)
             Began as a Ghoul Fighter on Dec 3, 2023.
             Slain by a ball python (3 damage)
             ... on level 2 of the Dungeon.
             The game lasted 00:03:54 (2311 turns).

MacCMillion the Chopper (Ghoul Fighter)             Turns: 2311, Time: 00:03:55

Health: 0/51       AC:  8    Str: 22    XL:     6   Next: 77%
Magic:  5/5        EV:  9    Int:  3    God:
Gold:   120        SH:  4    Dex:  8    Spells: 5/5 levels left

rFire   . . .        a - +0 war axe
rCold   + . .        c - +0 buckler
rNeg    + + +        b - +0 scale mail
rPois   ∞            n - +1 helmet
rElec   .            (no cloak)
rCorr   .            (no gloves)
SInv    .            (no boots)
Will    .....        (no amulet) Stlth
                     (no ring)
HPRegen 0.00/turn    (no ring)
MPRegen 0.09/turn

%: no passive effects
@: inhibited regen
A: claws 1, cold resistance 1, negative energy resistance 3, inhibited
regeneration, torment resistance 2, devour on kill
a: no special abilities


You were on level 2 of the Dungeon.
You visited 1 branch of the dungeon, and saw 3 of its levels.

You collected 120 gold pieces.

Inventory:

Hand Weapons
 a - a +0 war axe (weapon)
Armour
 b - a +0 scale mail (worn)
 c - a +0 buckler (worn)
 n - a +1 helmet (worn)
Jewellery
 i - a ring of resist corrosion
Scrolls
 f - 2 scrolls of identify {unknown}
 h - a scroll of butterflies {unknown}
 j - 2 scrolls of poison {unknown}
 k - 2 scrolls of fog {unknown}
 o - a scroll of teleportation {unknown}
 q - a scroll of acquirement {unknown}
Potions
 d - a potion of might
 e - 4 potions of curing {unknown}
 g - a potion of degeneration {unknown}
 l - 2 potions of mutation {unknown}
 m - a potion of resistance {unknown}
 p - a potion of ambrosia {unknown}


   Skills:
 - Level 3.2 Fighting
 + Level 5.6 Axes
 - Level 2.6 Armour
 - Level 4.0 Shields


You had 5 spell levels left.
You didn't know any spells.
Your spell library contained the following spells:

 Spells                   Type           Power      Damage    Failure   Level
 Summon Small Mammal      Summ           0%         N/A       89%         1
 Cigotuvi's Dreadful Rot  Necr/Pois/Air  0%         N/A       96%         2
 Call Canine Familiar     Summ           0%         N/A       99%         3
 Gell's Gravitas          Tloc           0%         N/A       99%         3
 Portal Projectile        Hex/Tloc       0%         N/A       99%         3
 Summon Guardian Golem    Hex/Summ       0%         N/A       99%         3
 Teleport Other           Tloc           0%         N/A       99%         3
 Tukima's Dance           Hex            0%         N/A       99%         3
 Dispel Undead            Necr           0%         3d6       100%        4
 Death Channel            Necr           0%         N/A       100%        6
 Dispersal                Tloc           0%         N/A       100%        6
 Blade Hands              Tmut           Unusable   N/A       N/A         5

Dungeon Overview and Level Annotations

Branches:
Dungeon (3/15)

Altars:
Xom

Shops:
D:1 *

Annotations:
D:1 2 transporters
D:2 Sigmund


Innate Abilities, Weirdness & Mutations

You are immune to poison.
You have sharp fingernails.
Your flesh is cold resistant. (rC+)
You are immune to negative energy. (rN+++)
You do not regenerate when monsters are visible.
You are immune to unholy pain and torment.
You thrive by killing the living.


Message History

You kill Grinder!
Your Axes skill increases to level 5!
You have reached level 6!
You start resting.
HP restored.
You start waiting.
A gnoll sergeant is nearby!
A gnoll sergeant is nearby!
A gnoll sergeant is nearby!
The gnoll sergeant shouts!
You hear a shout! x3
The gnoll sergeant barely misses you.
The gnoll shouts! x2; You hear a shout!
The gnoll sergeant hits you with a +0 trident!
You hit the gnoll sergeant but do no damage.
You hit the gnoll sergeant but do no damage.
The gnoll hits you from afar with a +0 spear.
The gnoll sergeant hits you with a +0 trident.
The gnoll closely misses you.
The gnoll hits you from afar with a +0 spear.
You barely miss the gnoll sergeant.
The gnoll sergeant hits you with a +0 trident.
The gnoll barely misses you. You block the gnoll's attack.
The gnoll sergeant hits you with a +0 trident!
You are too injured to fight recklessly!
The gnoll sergeant blocks your attack.
The gnoll hits you but does no damage. x2
The gnoll sergeant closely misses you.
You barely miss the gnoll sergeant.
The gnoll hits you from afar with a +0 spear.
The gnoll barely misses you. You block the gnoll sergeant's attack.
The gnoll sergeant hits you from afar with a +0 trident!
* * * LOW HITPOINT WARNING * * *
The gnoll barely misses you. x2
There is a stone staircase leading up here.
The gnoll misses you. The gnoll barely misses you.
The gnoll sergeant hits you from afar with a +0 trident.
* * * LOW HITPOINT WARNING * * *
You climb upwards.
Level annotation: Sigmund The ball python bites you.
You die...

##..##.## #..###.##
#####..# #.##
#######.##...# #..#
#..........#.# ##..
#.........##.# ##.
#..........#.# #.
#.........#..# #.
#S@.......##.## #.
#....@....###.####.
######.............
#.........#...
############.#.>#####.#.#
#............#...###.##.#
#..........##............
#..........#......<......
#............<...........


You could see Sigmund and a ball python.

Vanquished Creatures
  Grinder (D:3)
  A sleepcap (D:3)
  Robin (D:1)
  5 gnolls
  2 adders
  A worm (D:2)
  7 endoplasms
  2 giant cockroaches
  11 goblins
  8 hobgoblins
  7 kobolds
  3 quokkas
  4 ball pythons
  4 bats
  6 frilled lizards
  A rat (D:2)
64 creatures vanquished.

Notes
Turn   | Place    | Note
-------+----------+-------------------------------------------
     0 | D:1      | MacCMillion the Ghoul Fighter began the quest for the Orb.
     0 | D:1      | Reached XP level 1. HP: 19/19 MP: 0/0
    25 | D:1      | Reached skill level 2 in Axes
    35 | D:1      | Reached XP level 2. HP: 26/26 MP: 1/1
   457 | D:1      | Found Leywoc's Assorted Antiques.
   577 | D:2      | Found a shimmering altar of Xom.
   582 | D:2      | Reached XP level 3. HP: 29/31 MP: 2/2
   609 | D:2      | Noticed Robin
   755 | D:1      | Killed Robin
   756 | D:1      | Reached XP level 4. HP: 38/38 MP: 3/3
   759 | D:2      | Reached skill level 3 in Axes
   964 | D:2      | Noticed Sigmund
   972 | D:1      | HP: 1/38 [gnoll/+0 flail of protection (2)]
  1494 | D:3      | Reached XP level 5. HP: 32/45 MP: 4/4
  1583 | D:2      | Identified the +2 robe "Risamuog" {rPois rF+ SInv Stlth+}
  1736 | D:2      | Reached skill level 4 in Axes
  2142 | D:3      | Noticed Grinder
  2151 | D:3      | Paralysed by Grinder for 2 turns
  2156 | D:3      | Paralysed by Grinder for 2 turns
  2170 | D:3      | Killed Grinder
  2171 | D:3      | Reached skill level 5 in Axes
  2171 | D:3      | Reached XP level 6. HP: 21/51 MP: 5/5
  2311 | D:2      | Slain by a ball python

Illustrated notes

Levels and vault maps discovered:
D:1:      spicycebolla_arrival_transporter_tutorial, layout_basic, serial_shops,
          nicolae_shop_pleasant_corner_grove
D:2:      layout_rooms, basic_altar, uniq_sigmund, uniq_robin
D:3:      layout_rooms, minivault_4, uniq_grinder

Skill      XL: |  1  2  3  4  5 |
---------------+----------------+-----
Axes           | 2 3 5 |  5.6
Shields        | 3 4 |  4.0
Fighting       | |  3.2
Armour         | |  2.6

Action                     |  1- 3 |  4- 6 || total
---------------------------+-------+-------++-------
  Melee: War axe           |    61 |    85 ||   146
 Armour: Scale mail        |    42 |    65 ||   107
  Dodge: Dodged            |    41 |    71 ||   112
  Block: Buckler           |    15 |    35 ||    50
